[Event "ICC Open 2015"]
[Site "Internet Chess Club"]
[Date "2015.05.29"]
[Round "5"]
[White "Fanta"]
[Black "Valai"]
[Result "0-1"]
[ICCResult "White resigns"]
[WhiteElo "1950"]
[BlackElo "2454"]
[Opening "Robatsch defense"]
[ECO "B06"]
[NIC "KF.05"]
[Time "14:48:31"]
[TimeControl "180+0"]

1. e4 g6 2. d4 Bg7 3. Nc3 c6 4. Bc4 e6 5. Nf3 d5 6. exd5 exd5 7. Be2 Nf6 8.
O-O O-O 9. Ne5 Nfd7 10. f4 f6 11. Nd3 Re8 12. Bf3 Na6 13. Ne2 Nc7 14. b3 Ne6
15. Bb2 Qb6 16. Kh1 a5 17. f5 Ng5 18. c4 dxc4 19. bxc4 Nf8 20. Rb1 Bxf5 21.
g4 Be4 22. Bxe4 Rxe4 23. Nc5 Re7 24. Ng3 Rae8 25. a4 Qc7 26. Bc1 b6 27. Bxg5
fxg5 28. Nd3 Bxd4 29. c5 bxc5 30. Qb3+ Ne6 31. Ne4 Kg7 32. Ndxc5 Nxc5 33.
Nxc5 Bxc5 34. Qc3+ Qe5 35. Qxa5 Qe4+ {White resigns} 0-1

[Event "ICC Open 2015"]
[Site "Internet Chess Club"]
[Date "2015.05.29"]
[Round "5"]
[White "Bleeksk"]
[Black "BlackHorse97"]
[Result "0-1"]
[ICCResult "White checkmated"]
[WhiteElo "1967"]
[BlackElo "2384"]
[Opening "King's Indian: fianchetto, lesser Simagin (Spassky) variation"]
[ECO "E62"]
[NIC "KI.72"]
[Time "14:48:49"]
[TimeControl "180+0"]

1. c4 g6 2. g3 Bg7 3. Bg2 Nf6 4. Nf3 O-O 5. O-O d6 6. Nc3 Nc6 7. d4 Bf5 8.
Re1 Ne4 9. Nxe4 Bxe4 10. Be3 d5 11. c5 e6 12. Rc1 Ne7 13. b4 Nf5 14. Qd2
Nxe3 15. Qxe3 c6 16. Ne5 Bxg2 17. Kxg2 a5 18. a3 axb4 19. axb4 Ra4 20. Qc3
Bxe5 21. dxe5 Qc7 22. Ra1 Rfa8 23. Rxa4 Rxa4 24. Ra1 Rxa1 25. Qxa1 Kg7 26.
f4 b6 27. Qa6 bxc5 28. bxc5 h5 29. Qb6 Qc8 30. Kf3 Qa8 31. e3 Qa4 32. Qd8
Qc4 33. Qf6+ Kg8 34. Qd8+ Kh7 35. Qf8 Qf1# {White checkmated} 0-1

[Event "ICC Open 2015"]
[Site "Internet Chess Club"]
[Date "2015.05.29"]
[Round "5"]
[White "NAS"]
[Black "talaatabdin"]
[Result "1-0"]
[ICCResult "Black resigns"]
[WhiteElo "1671"]
[BlackElo "1360"]
[Opening "Petrov's defense"]
[ECO "C42"]
[NIC "RG.01"]
[Time "14:47:56"]
[TimeControl "180+0"]

1. e4 e5 2. Nf3 Nf6 3. d3 Nc6 4. Nc3 d5 5. exd5 Nxd5 6. Be2 Bb4 7. Bd2 Nxc3
8. bxc3 Bd6 9. O-O O-O 10. d4 e4 11. Ng5 h6 12. Nxe4 Re8 13. Nxd6 Qxd6 14.
Bf3 Be6 15. d5 Bxd5 16. Bxd5 Qxd5 17. Be3 Qe5 18. Qf3 Qxc3 19. Rac1 Rab8 20.
Qg3 Qf6 21. Qxc7 Ne5 22. Kh1 Ng4 23. Bxa7 Rbc8 24. Qg3 Rc3 25. Qxg4
{Black resigns}
1-0

[Event "ICC Open 2015"]
[Site "Internet Chess Club"]
[Date "2015.05.29"]
[Round "5"]
[White "Providence"]
[Black "PaYbAcK"]
[Result "1-0"]
[ICCResult "Black resigns"]
[WhiteElo "2497"]
[BlackElo "2652"]
[Opening "Sicilian: Alapin's variation (2.c3)"]
[ECO "B22"]
[NIC "SI.46"]
[Time "14:47:45"]
[TimeControl "180+0"]

1. e4 c5 2. c3 a6 3. d4 cxd4 4. cxd4 d5 5. exd5 Nf6 6. Nf3 Nxd5 7. Nc3 Nc6
8. Be2 e6 9. O-O Be7 10. Qb3 O-O 11. Rd1 b5 12. Nxd5 exd5 13. Ne5 Bb7 14.
Bf3 Na5 15. Qe3 Qc7 16. b3 Rae8 17. Bd2 b4 18. Rac1 Qd8 19. Qf4 Bd6 20. Qg4
f6 21. Nd3 Qb6 22. Nc5 Bxc5 23. dxc5 Qc7 24. Bxb4 Nc6 25. Bxd5+ Kh8 26. Bc3
Bc8 27. Qg3 Ne5 28. b4 Bf5 29. a4 Qc8 30. Bxe5 Rxe5 31. b5 axb5 32. axb5
Rfe8 33. h3 Bg6 34. b6 Rg5 35. b7 Qd8 36. Qd6 Qa5 37. b8=Q h5 38. Qxe8+ Bxe8
39. Qf8+ Kh7 40. Qg8+ Kh6 41. Qh8+ Kg6 42. Qxe8+ Kh7 43. Qg8+ Kh6 44. Qh8+
Kg6 45. Be4+ f5 46. Bc6 {Black resigns} 1-0

[Event "ICC Open 2015"]
[Site "Internet Chess Club"]
[Date "2015.05.29"]
[Round "5"]
[White "Andrei21"]
[Black "ural"]
[Result "1-0"]
[ICCResult "Black resigns"]
[WhiteElo "2995"]
[BlackElo "2517"]
[Opening "Queen's pawn game"]
[ECO "D02"]
[NIC "QP.08"]
[Time "14:47:53"]
[TimeControl "180+0"]

1. d4 d5 2. Nf3 Bf5 3. g3 e6 4. Bg2 Be7 5. O-O Nf6 6. c4 h6 7. Qb3 Qc8 8.
Nc3 c6 9. Bf4 Ne4 10. Rac1 Nxc3 11. bxc3 O-O 12. cxd5 exd5 13. c4 dxc4 14.
Qxc4 Nd7 15. Rfd1 Nb6 16. Qb3 Be6 17. Qb1 Ba3 18. Rc3 Be7 19. e4 Rd8 20. d5
Bd7 21. Ne5 Be8 22. dxc6 Rxd1+ 23. Qxd1 bxc6 24. Qc1 Bf6 25. Nxc6 Qe6 26. e5
Bd8 27. Nd4 Qd7 28. Bxa8 Nxa8 29. Be3 Nb6 30. h4 Nd5 31. Rc8 Nb6 32. Rb8 Kf8
33. Qc6 Qxd4 34. Bxd4 Bxc6 35. Rxd8+ Ke7 36. Bxb6 axb6 37. Rd6 {Black
resigns} 1-0

[Event "ICC Open 2015"]
[Site "Internet Chess Club"]
[Date "2015.05.29"]
[Round "5"]
[White "magnuswizard"]
[Black "auket40"]
[Result "1-0"]
[ICCResult "Black checkmated"]
[WhiteElo "2055"]
[BlackElo "1673"]
[Opening "King's Indian, 3.Nf3"]
[ECO "E60"]
[NIC "QP.06"]
[Time "14:47:14"]
[TimeControl "180+0"]

1. Nf3 Nf6 2. d4 g6 3. c4 d6 4. Nc3 c6 5. h3 Bg7 6. e4 Nbd7 7. Be2 a6 8. Be3
b5 9. a3 Nb6 10. cxb5 axb5 11. O-O Na4 12. e5 Nxc3 13. bxc3 Nd5 14. Bd2 O-O
15. Bd3 dxe5 16. Nxe5 Qc7 17. Re1 f6 18. Ng4 Nf4 19. Bxf4 Qxf4 20. Rxe7 h5
21. Ne3 Qd6 22. Rxg7+ Kxg7 23. Qf3 Rxa3 24. Rxa3 Qxa3 25. Qg3 Qc1+ 26. Kh2
f5 27. Qe5+ Kg8 28. d5 Qd2 29. Qg3 Kh7 30. Nf1 f4 31. Qxg6+ Kh8 32. Qh7#
{Black checkmated}
1-0

[Event "ICC Open 2015"]
[Site "Internet Chess Club"]
[Date "2015.05.29"]
[Round "5"]
[White "Sibelephant"]
[Black "VerdeNotte"]
[Result "1-0"]
[ICCResult "Black resigns"]
[WhiteElo "3198"]
[BlackElo "2959"]
[Opening "Pirc: classical (two knights) system"]
[ECO "B08"]
[NIC "PU.10"]
[Time "14:47:48"]
[TimeControl "180+0"]

1. Nf3 g6 2. e4 d6 3. d4 Nf6 4. Nc3 Bg7 5. Be3 O-O 6. h3 a6 7. a4 b6 8. e5
Nfd7 9. exd6 cxd6 10. Be2 Nc6 11. O-O Bb7 12. Qd2 Rc8 13. Rfe1 Na5 14. Nh2
Nc4 15. Bxc4 Rxc4 16. Ng4 h5 17. Nh2 Nf6 18. Bg5 Qc7 19. Nf1 Rc8 20. Ne3
Rxc3 21. Qxc3 Qxc3 22. bxc3 Rxc3 23. Rab1 Ne4 24. Rxb6 Nxg5 25. Rxb7 e6 26.
d5 Bd4 27. h4 Nh7 28. dxe6 fxe6 29. Nd1 Rxc2 30. Rxe6 Nf8 31. Re4 Be5 32.
Re1 Ra2 33. Ne3 Rxa4 34. g3 a5 35. Nd5 Rd4 36. Ne7+ Kh8 37. Nc6 Rd5 38. Nxe5
dxe5 39. Rc1 Rd7 40. Rxd7 Nxd7 41. Rc8+ {Black resigns} 1-0

[Event "ICC Open 2015"]
[Site "Internet Chess Club"]
[Date "2015.05.29"]
[Round "5"]
[White "FHNA"]
[Black "ShcherbinMatvei"]
[Result "0-1"]
[ICCResult "White resigns"]
[WhiteElo "2572"]
[BlackElo "2303"]
[Opening "Sicilian defense"]
[ECO "B41"]
[NIC "SI.41"]
[Time "14:47:46"]
[TimeControl "180+0"]

1. e4 c5 2. Nf3 e6 3. d4 cxd4 4. Nxd4 Bc5 5. Nb3 Bb6 6. Qg4 Qf6 7. Qf3 Nc6
8. Nc3 Qxf3 9. gxf3 Nb4 10. Bd3 Nxd3+ 11. cxd3 Ne7 12. Nb5 O-O 13. Be3 d5
14. Bxb6 axb6 15. a3 Bd7 16. N5d4 e5 17. Ne2 Rfd8 18. Rc1 Be6 19. Nd2 b5 20.
Nb1 Nc6 21. Nbc3 b4 22. Nb5 Ra5 23. Nc7 bxa3 24. bxa3 Rxa3 25. Nxe6 fxe6 26.
Rc3 Rxc3 27. Nxc3 dxe4 28. dxe4 Rd3 29. Nd1 Rxf3 30. Kd2 Nd4 31. Kc1 Ra3 32.
Re1 Rh3 33. Re3 Rxh2 34. Kd2 h5 35. Rc3 h4 36. Ke1 Rh1+ 37. Kd2 h3 38. Rg3
h2 39. Rh3 Rf1 40. Ne3 h1=Q 41. Nxf1 Qxh3 {White resigns} 0-1

[Event "ICC Open 2015"]
[Site "Internet Chess Club"]
[Date "2015.05.29"]
[Round "5"]
[White "EREBUNI"]
[Black "FlyAway"]
[Result "1-0"]
[ICCResult "Black resigns"]
[WhiteElo "3049"]
[BlackElo "2842"]
[Opening "Sicilian: closed"]
[ECO "B23"]
[NIC "SI.44"]
[Time "14:47:28"]
[TimeControl "180+0"]

1. e4 c5 2. Nc3 e6 3. Nf3 a6 4. g3 Nc6 5. Bg2 d5 6. exd5 exd5 7. d4 Nf6 8.
O-O cxd4 9. Nxd4 Be7 10. Re1 O-O 11. Bf4 Bg4 12. Qd2 Qd7 13. h3 Bh5 14. g4
Bg6 15. g5 Ne4 16. Nxc6 Nxd2 17. Nxe7+ Kh8 18. Nxg6+ fxg6 19. Bxd2 d4 20.
Ne4 Rac8 21. Bb4 Rf4 22. Nd6 Rcf8 23. Nxb7 Re8 24. Rxe8+ Qxe8 25. Re1 Qd7
26. Re7 Qa4 27. Nc5 Qb5 28. a4 Qb8 29. Bc6 Rf8 30. Nd3 Rc8 31. Bd7 Rd8 32.
Bc5 Rf8 33. Bxd4 Rg8 34. Ne5 Rf8 35. Nf7+ Kg8 36. Nh6+ gxh6 37. Rg7+ Kh8 38.
Rxg6+ {Black resigns} 1-0

[Event "ICC Open 2015"]
[Site "Internet Chess Club"]
[Date "2015.05.29"]
[Round "5"]
[White "El-Flippo"]
[Black "vpeichev"]
[Result "0-1"]
[ICCResult "White resigns"]
[WhiteElo "1328"]
[BlackElo "1635"]
[Opening "Ruy Lopez: modern Steinitz defense"]
[ECO "C71"]
[NIC "RL.10"]
[Time "14:47:52"]
[TimeControl "180+0"]

1. e4 e5 2. Nf3 Nc6 3. Bb5 a6 4. Ba4 d6 5. h3 Bd7 6. c3 Nf6 7. Bc2 Be7 8. d4
O-O 9. O-O exd4 10. cxd4 d5 11. e5 Ne8 12. Nc3 Nb4 13. Bb1 Be6 14. a3 Nc6
15. Qd3 g6 16. Bh6 Ng7 17. Bc2 Bf5 18. Qd2 Bxc2 19. Qxc2 f6 20. e6 Re8 21.
Rfe1 Nf5 22. Be3 Nxe3 23. Rxe3 f5 24. Rae1 Bf6 25. Qd3 Qd6 26. Ne5 Rxe6 27.
Nxc6 Rxe3 28. Rxe3 Qxc6 29. g3 Re8 30. Rxe8+ Qxe8 31. Qe3 Qxe3 32. fxe3 c6
33. Na4 Be7 34. b4 Kf7 35. Nc5 Bxc5 36. dxc5 Ke6 37. a4 Ke5 38. Kf2 d4 39.
Ke2 dxe3 40. Kxe3 g5 41. h4 f4+ 42. gxf4+ gxf4+ 43. Kf3 Kf5 44. h5 Kg5 45.
b5 axb5 46. axb5 cxb5 47. c6 bxc6 48. Kf2 {White resigns} 0-1

[Event "ICC Open 2015"]
[Site "Internet Chess Club"]
[Date "2015.05.29"]
[Round "5"]
[White "holderlin"]
[Black "Kyekerz"]
[Result "1-0"]
[ICCResult "Black forfeits on time"]
[WhiteElo "1624"]
[BlackElo "1267"]
[Opening "Van't Kruijs opening"]
[ECO "A00"]
[Time "14:47:39"]
[TimeControl "180+0"]

1. e3 e5 2. Ne2 d5 3. h3 c5 4. a3 Nc6 5. g3 Nf6 6. Bg2 e4 7. O-O Bd6 8. d3
Be6 9. Nbc3 Qd7 10. dxe4 Bxh3 11. exd5 Bxg2 12. Kxg2 Ne5 13. e4 h5 14. f4
Neg4 15. e5 Bxe5 16. fxe5 Nxe5 17. Nf4 h4 18. Qe2 hxg3 19. Qxe5+ Kf8 20. Rh1
Rh2+ 21. Rxh2 gxh2 22. Qg5 Ng4 23. Bd2 Qe8 24. Re1 {Black forfeits on time}
1-0

[Event "ICC Open 2015"]
[Site "Internet Chess Club"]
[Date "2015.05.29"]
[Round "5"]
[White "M80"]
[Black "plagis"]
[Result "0-1"]
[ICCResult "White checkmated"]
[WhiteElo "2520"]
[BlackElo "2085"]
[Opening "Dutch defense"]
[ECO "A40"]
[NIC "QO.17"]
[Time "14:48:15"]
[TimeControl "180+0"]

1. d4 e6 2. c4 f5 3. Nf3 Nf6 4. g3 c6 5. Bg2 d5 6. O-O Bd6 7. Nc3 O-O 8. Qc2
Qe7 9. Rb1 Nbd7 10. c5 Bc7 11. Bf4 Bxf4 12. gxf4 Ne4 13. Ne5 Nxe5 14. fxe5
Bd7 15. f4 Be8 16. Nxe4 fxe4 17. e3 Bh5 18. Qf2 Rf5 19. Bh3 Rf7 20. b4 Kh8
21. Bg2 g5 22. Rb2 gxf4 23. exf4 Raf8 24. Kh1 Bf3 25. Bxf3 Rxf4 26. Rb3 Qf7
27. Qg3 exf3 28. Rf2 Qf5 29. Qg1 Rg4 30. Qf1 Rf4 31. a4 Qe4 32. b5 Qxd4 33.
bxc6 bxc6 34. Rb7 Qxe5 35. Qh3 Qe1+ 36. Rf1 Qe4 37. Rf2 d4 38. Qh6 Qe1+ 39.
Rf1 Qxf1# {White checkmated} 0-1

[Event "ICC Open 2015"]
[Site "Internet Chess Club"]
[Date "2015.05.29"]
[Round "5"]
[White "Borknagar"]
[Black "pawnloser"]
[Result "1-0"]
[ICCResult "Black forfeits on time"]
[WhiteElo "2020"]
[BlackElo "1606"]
[Opening "Queen's pawn game"]
[ECO "D04"]
[NIC "QP.06"]
[Time "14:47:27"]
[TimeControl "180+0"]

1. d4 Nf6 2. Nf3 d5 3. e3 Bg4 4. c4 c6 5. Nc3 e6 6. Be2 Be7 7. O-O O-O 8. h3
Bxf3 9. Bxf3 dxc4 10. Qe2 b5 11. a3 Nd5 12. Ne4 Nd7 13. Rd1 Qc7 14. Bd2 f5
15. Ng3 N7f6 16. e4 fxe4 17. Nxe4 Rae8 18. Ng5 Qd6 19. Qxe6+ Qxe6 20. Nxe6
Rf7 21. Nc5 Bxc5 22. dxc5 Ne4 23. Ba5 Nxc5 24. Bxd5 cxd5 25. Bb4 Nb3 26.
Rab1 Rd7 27. Re1 Rxe1+ 28. Rxe1 a5 29. Re8+ Kf7 30. Rf8+ Kg6 31. Bc3 d4 32.
Be1 d3 33. Rb8 Rd5 34. Bc3 d2 35. Bxd2 Nxd2 36. Kh2 Ne4 37. f3 Nf6 38. Rb6
Rc5 39. Kg3 Kf7 40. Rb7+ Ke6 41. Kf4 Nd5+ 42. Ke4 Nc7 43. Rb6+ Kd7 44. Rb8
Rd5 45. Rg8 {Black forfeits on time} 1-0

[Event "ICC Open 2015"]
[Site "Internet Chess Club"]
[Date "2015.05.29"]
[Round "5"]
[White "fireland"]
[Black "olimpus"]
[Result "1-0"]
[ICCResult "Black resigns"]
[WhiteElo "3034"]
[BlackElo "2772"]
[Opening "King's Indian, 3.Nf3"]
[ECO "E90"]
[NIC "KI.20"]
[Time "14:47:40"]
[TimeControl "180+0"]

1. d4 Nf6 2. Nf3 g6 3. c4 Bg7 4. Nc3 O-O 5. e4 d6 6. h3 Nbd7 7. g4 e5 8. d5
Nc5 9. Qc2 a5 10. Be3 a4 11. Bxc5 dxc5 12. Bg2 a3 13. b3 h5 14. g5 Ne8 15.
Qd2 Nd6 16. Qe3 b6 17. h4 f5 18. Nd2 Bd7 19. f3 fxe4 20. fxe4 Rf4 21. O-O-O
Qe7 22. Rdf1 Raf8 23. Ne2 b5 24. Qxc5 bxc4 25. Nxc4 Rxf1+ 26. Rxf1 Bg4 27.
Nc3 Rxf1+ 28. Bxf1 Qf7 29. Nd2 Bf8 30. Qe3 Nb7 31. Qa7 Nc5 32. b4 Nd7 33.
Qxc7 Bxb4 34. d6 Bxc3 35. Qxc3 Kg7 36. Qxa3 Qf2 37. Kc2 Qe1 38. Qc3 Bd1+ 39.
Kb2 Bg4 40. Bb5 Qf2 41. Bxd7 Bxd7 42. Qxe5+ Kg8 43. Qd5+ Kh7 44. a4 Qb6+ 45.
Ka3 Qe3+ 46. Nb3 {Black resigns} 1-0

[Event "ICC Open 2015"]
[Site "Internet Chess Club"]
[Date "2015.05.29"]
[Round "5"]
[White "bythebook"]
[Black "blunder23"]
[Result "1/2-1/2"]
[ICCResult "White ran out of time and Black has no material to mate"]
[WhiteElo "1720"]
[BlackElo "1469"]
[Opening "Ruy Lopez: Berlin defense"]
[ECO "C65"]
[NIC "RL.07"]
[Time "14:47:23"]
[TimeControl "180+0"]

1. e4 e5 2. Nf3 Nc6 3. Bb5 Nf6 4. Qe2 Bc5 5. O-O O-O 6. d3 Re8 7. Bg5 h6 8.
Bh4 a6 9. Ba4 b5 10. Bb3 Nd4 11. Nxd4 Bxd4 12. c3 Bb6 13. Nd2 Bb7 14. Kh1 c5
15. c4 Ba5 16. Nf3 Bc7 17. h3 Bd6 18. Nh2 Be7 19. Bg3 Nh7 20. Bxe5 Bg5 21.
Bg3 d6 22. f4 Bf6 23. Rad1 g5 24. Ng4 Bc8 25. Nxh6+ Kg7 26. Qh5 Re7 27. cxb5
Qd7 28. bxa6 Rxa6 29. Nf5+ Kg8 30. Nxe7+ Qxe7 31. fxg5 Bxg5 32. Bxf7+ Kh8
33. Bg6 Ra7 34. Bxh7 Qxh7 35. Qxg5 Rg7 36. Qd8+ Rg8 37. Rf8 Bxh3 38. Rxg8+
Qxg8 39. Qxg8+ Kxg8 40. gxh3 Kg7 41. Bxd6 Kf7 42. Bxc5 Ke6 43. a4 Ke5 44. b4
Kf4 45. a5 Kf3 46. a6 Ke2 47. Rb1 Kxd3 48. a7 Kc2 49. Ra1 Kd3 50. a8=Q Kc4
51. e5 Kd3 52. e6 Ke2 53. e7 Kd3 54. e8=Q Kc4 55. Qad8 Kc3 56. Qe3+ Kc2
{White ran out of time and Black has no material to mate}
1/2-1/2

[Event "ICC Open 2015"]
[Site "Internet Chess Club"]
[Date "2015.05.29"]
[Round "5"]
[White "Ennjy"]
[Black "RaiseTheCurve"]
[Result "1-0"]
[ICCResult "Black resigns"]
[WhiteElo "1889"]
[BlackElo "1970"]
[Opening "Budapest: Rubinstein variation"]
[ECO "A52"]
[NIC "QG.01"]
[Time "14:48:57"]
[TimeControl "180+0"]

1. d4 Nf6 2. c4 e5 3. dxe5 Ng4 4. Bf4 Bb4+ 5. Nd2 Nc6 6. Nf3 Qe7 7. a3 Ngxe5
8. Nxe5 Nxe5 9. e3 Bxd2+ 10. Qxd2 Ng6 11. Bxc7 b6 12. Bd6 Qe6 13. Be2 Bb7
14. O-O Nh4 15. f3 Nf5 16. Bf4 O-O 17. e4 Nh4 18. Rad1 Rfd8 19. Qd6 Rac8 20.
b4 Ng6 21. Bg3 Ba6 22. b5 Bb7 23. Bd3 Qe8 24. Rfe1 h5 25. f4 h4 26. Bf2 Nf8
27. Bxh4 f6 28. e5 fxe5 29. Bxd8 Rxd8 30. Rxe5 Qh5 31. Rxh5 {Black resigns}
1-0

[Event "ICC Open 2015"]
[Site "Internet Chess Club"]
[Date "2015.05.29"]
[Round "5"]
[White "khekhm"]
[Black "Romanson-zucker"]
[Result "1-0"]
[ICCResult "Black checkmated"]
[WhiteElo "2629"]
[BlackElo "1937"]
[Opening "Sicilian"]
[ECO "B56"]
[NIC "SI.25"]
[Time "14:47:55"]
[TimeControl "180+0"]

1. e4 c5 2. Nf3 Nc6 3. d4 cxd4 4. Nxd4 Nf6 5. Nc3 d6 6. Nb3 g6 7. g3 Bg7 8.
Bg2 O-O 9. O-O Bd7 10. Re1 Rc8 11. h3 a6 12. Kh2 b5 13. f4 Qc7 14. Nd5 Qa7
15. Be3 Qb7 16. Bf2 Rfd8 17. c3 Be8 18. Rc1 e6 19. Nxf6+ Bxf6 20. Qe2 e5 21.
Rcd1 Ne7 22. f5 Bc6 23. fxg6 hxg6 24. h4 Kg7 25. Rf1 Rh8 26. Rxd6 Qc7 27.
Rxf6 Nf5 28. Rxc6 Qxc6 29. exf5 Qc7 30. fxg6 fxg6 31. Nc5 Qe7 32. Ne4 Rcf8
33. Bc5 Rxh4+ 34. gxh4 Qxh4+ 35. Kg1 Rxf1+ 36. Qxf1 Qg4 37. Qf8+ Kh7 38.
Nf6# {Black checkmated} 1-0

[Event "ICC Open 2015"]
[Site "Internet Chess Club"]
[Date "2015.05.29"]
[Round "5"]
[White "MWeston"]
[Black "Ohanessian"]
[Result "0-1"]
[ICCResult "White checkmated"]
[WhiteElo "2710"]
[BlackElo "2070"]
[Opening "Alekhine's defense: Sämisch attack"]
[ECO "B02"]
[NIC "AL.10"]
[Time "14:47:28"]
[TimeControl "180+0"]

1. e4 Nf6 2. e5 Nd5 3. Nc3 Nb6 4. Nf3 Nc6 5. d4 d6 6. exd6 cxd6 7. d5 Ne5 8.
Nxe5 dxe5 9. Bb5+ Bd7 10. Bxd7+ Qxd7 11. O-O g6 12. Qe2 Bg7 13. Rd1 O-O 14.
a4 Rac8 15. a5 Nc4 16. a6 bxa6 17. Rxa6 Qb7 18. Ra2 Rfd8 19. h4 h5 20. Qf3
a5 21. b3 Nd6 22. Bb2 Qc7 23. Rda1 e4 24. Nxe4 Nxe4 25. Qxe4 Bxb2 26. Rxb2
Qc3 27. Rba2 Rc5 28. Qxe7 Rcxd5 29. Qe3 Rd1+ 30. Rxd1 Rxd1+ 31. Kh2 Qc7+ 32.
Qg3 Qd8 33. Ra4 Rd2 34. Rc4 Qf6 35. f3 Rd1 36. Qb8+ Rd8 37. Qf4 Qa1 38. Rc7
Qg7 39. Rb7 Rd4 40. Qg3 Qf6 41. Qg5 Rxh4+ 42. Qxh4 Qxh4+ 43. Kg1 Qe1+ 44.
Kh2 Qe5+ 45. Kh1 Qc5 46. c4 a4 47. bxa4 Qxc4 48. a5 Qa4 49. Ra7 Kg7 50. Ra8
h4 51. a6 Qd1+ 52. Kh2 Qd6+ 53. Kh1 h3 54. a7 hxg2+ 55. Kxg2 Qa6 56. Kf2 Kf6
57. Kg3 Kf5 58. Kg2 f6 59. Kg3 g5 60. Kf2 Kf4 61. Kg2 Qa2+ 62. Kh3 Kxf3 63.
Rf8 Qe6+ 64. Kh2 Qe2+ 65. Kh3 Qg2# {White checkmated} 0-1

[Event "ICC Open 2015"]
[Site "Internet Chess Club"]
[Date "2015.05.29"]
[Round "5"]
[White "TasteOflover"]
[Black "Volkov"]
[Result "1-0"]
[ICCResult "Black checkmated"]
[WhiteElo "2810"]
[BlackElo "2974"]
[Opening "Queen's pawn game, Darooha variation "]
[ECO "D11"]
[NIC "QP.08"]
[Time "14:48:29"]
[TimeControl "180+0"]

1. d4 d5 2. Nf3 Nf6 3. c4 c6 4. Qc2 g6 5. g3 Bg7 6. Bg2 O-O 7. O-O Bf5 8.
Qb3 Qb6 9. Nc3 e6 10. c5 Qxb3 11. axb3 Na6 12. Bf4 Nh5 13. Be5 Nb4 14. Ra4
Na6 15. Rc1 Rfc8 16. Rca1 Bc2 17. R4a3 f6 18. Bd6 e5 19. e3 Bf5 20. h3 Nb4
21. Rxa7 Rxa7 22. Rxa7 Be4 23. g4 Bxf3 24. Bxf3 exd4 25. exd4 Nc2 26. gxh5
Nxd4 27. Bd1 f5 28. Rxb7 gxh5 29. Bxh5 Nxb3 30. Rxb3 d4 31. Ne2 d3 32. Rxd3
Bxb2 33. Rg3+ Kh8 34. Nf4 Ra8 35. Ne6 Ra1+ 36. Kg2 Ra8 37. Bf7 Bc3 38. h4
Ba1 39. h5 h6 40. Rg6 Kh7 41. Nf8+ Kh8 42. Rg8# {Black checkmated} 1-0

[Event "ICC Open 2015"]
[Site "Internet Chess Club"]
[Date "2015.05.29"]
[Round "5"]
[White "past"]
[Black "Dodgy"]
[Result "0-1"]
[ICCResult "White resigns"]
[WhiteElo "1822"]
[BlackElo "2175"]
[Opening "Budapest: Adler variation"]
[ECO "A52"]
[NIC "QG.01"]
[Time "14:48:21"]
[TimeControl "180+0"]

1. d4 Nf6 2. c4 e5 3. dxe5 Ng4 4. Nf3 Nc6 5. e3 Ngxe5 6. Nxe5 Nxe5 7. Nd2 g6
8. Nf3 Nxf3+ 9. Qxf3 Bg7 10. Be2 O-O 11. Rb1 d6 12. O-O Bf5 13. e4 Be6 14.
b3 a5 15. a3 h5 16. Bb2 Bg4 17. Qe3 Bxb2 18. Rxb2 Qf6 19. Rd2 Bxe2 20. Qxe2
Rfe8 21. f3 Re7 22. Qd3 Rae8 23. Rfd1 b6 24. Qd4 Qf4 25. Qd3 f5 26. exf5
Re1+ 27. Rxe1 Rxe1+ 28. Kf2 Re5 29. fxg6 Qh4+ 30. g3 Qxh2+ 31. Kf1 Qxg3 32.
Re2 Qh3+ 33. Kf2 Qh2+ 34. Kf1 Qh3+ 35. Kf2 Qh4+ 36. Kf1 Qh3+ 37. Kf2 Qh2+
38. Kf1 Qh1+ 39. Kf2 Qh4+ 40. Kf1 Qe7 41. Rxe5 Qxe5 42. Kg2 Kg7 43. Qe4 Qxe4
44. fxe4 Kxg6 45. Kh3 Kg5 46. Kg3 h4+ 47. Kh3 Kf4 48. Kxh4 Kxe4 49. Kg4 Kd3
50. Kf4 Kc3 51. Ke4 Kxb3 52. Kd4 Kxa3 53. Kd3 Kb4 54. Kd4 c6 55. c5 dxc5+
56. Kd3 Kb3 57. Kd2 Kb2 58. Kd3 a4 {White resigns} 0-1

[Event "ICC Open 2015"]
[Site "Internet Chess Club"]
[Date "2015.05.29"]
[Round "5"]
[White "Tut"]
[Black "Bagelhead"]
[Result "1-0"]
[ICCResult "Black checkmated"]
[WhiteElo "3208"]
[BlackElo "2337"]
[Opening "Nimzo-Indian: Kmoch variation"]
[ECO "E20"]
[NIC "NI.30"]
[Time "14:47:45"]
[TimeControl "180+0"]

1. d4 Nf6 2. c4 e6 3. Nc3 Bb4 4. f3 O-O 5. a3 Bxc3+ 6. bxc3 Nh5 7. Nh3 f5 8.
Bg5 Qe8 9. g4 fxg4 10. fxg4 Nf6 11. Qd3 d6 12. Bg2 Nc6 13. O-O Qg6 14. Qxg6
hxg6 15. Nf4 Nxg4 16. Nxg6 Rxf1+ 17. Rxf1 Nf6 18. h4 Bd7 19. Bf3 Nh7 20. Bc1
Nf8 21. Nf4 g6 22. Kh2 Re8 23. Rg1 Kf7 24. h5 Ne7 25. Bxb7 c6 26. Ba6 gxh5
27. Nxh5 Nfg6 28. Kg2 Rh8 29. Rf1+ Ke8 30. Nf6+ Kd8 31. Bg5 Kc7 32. e4 Rb8
33. Rf2 Rb3 34. c5 dxc5 35. dxc5 Rxc3 36. Rd2 Bc8 37. Ne8+ Kb8 38. Rb2+ Ka8
39. Nc7# {Black checkmated} 1-0

[Event "ICC Open 2015"]
[Site "Internet Chess Club"]
[Date "2015.05.29"]
[Round "5"]
[White "karodash"]
[Black "reydelmambo"]
[Result "0-1"]
[ICCResult "White resigns"]
[WhiteElo "1568"]
[BlackElo "1961"]
[Opening "Sicilian: Grand Prix attack"]
[ECO "B23"]
[NIC "SI.44"]
[Time "14:48:11"]
[TimeControl "180+0"]

1. e4 c5 2. Nc3 Nc6 3. f4 g6 4. Nf3 Bg7 5. Bc4 e6 6. Kf1 Nge7 7. d3 O-O 8.
Kf2 d5 9. Bb3 a6 10. a4 Rb8 11. Rf1 b5 12. axb5 axb5 13. Kg1 c4 14. dxc4
bxc4 15. Ba4 d4 16. Nb5 d3 17. e5 Rxb5 18. Bxb5 Qb6+ 19. Kh1 Qxb5 20. cxd3
cxd3 21. Qe1 Bb7 22. Qh4 Nf5 23. Qh3 Ncd4 24. Bd2 Nxf3 25. gxf3 Qxb2 26.
Rfd1 Nd4 27. Rab1 Bxf3+ 28. Qxf3 Qxb1 29. Qf1 Qc2 30. h4 Qc6+ 31. Kg1 Qe4
32. h5 Nf3+ 33. Kf2 f6 34. hxg6 hxg6 35. Qg2 Qe2+ 36. Kg3 Qxd1 37. Qxf3
Qxf3+ 38. Kxf3 fxe5 {White resigns} 0-1

[Event "ICC Open 2015"]
[Site "Internet Chess Club"]
[Date "2015.05.29"]
[Round "5"]
[White "yaguaro"]
[Black "paulohaddad"]
[Result "1-0"]
[ICCResult "Black forfeits on time"]
[WhiteElo "2138"]
[BlackElo "1775"]
[Opening "Benko's opening"]
[ECO "A00"]
[NIC "VO.09"]
[Time "14:47:33"]
[TimeControl "180+0"]

1. g3 e5 2. Bg2 Nf6 3. Nf3 d6 4. O-O Nc6 5. d3 g6 6. c4 Bg7 7. Nc3 Bg4 8. h3
Be6 9. Bd2 O-O 10. Qc1 Nd4 11. Bh6 c5 12. Bxg7 Kxg7 13. Ng5 Qd7 14. Nxe6+
Nxe6 15. Nd5 Nxd5 16. cxd5 Nd4 17. Qd2 b5 18. Kh2 a5 19. e3 Nf5 20. b3 Ne7
21. f4 exf4 22. gxf4 Nf5 23. Qb2+ Kg8 24. Rae1 Rfe8 25. Qd2 a4 26. Bf3 axb3
27. axb3 Ra3 28. Bg4 Qa7 29. Rf2 Ne7 30. e4 Rxb3 31. f5 c4 32. f6 Rxd3 33.
Qf4 Nxd5 34. exd5 Rxe1 35. Rg2 Qe3 36. Qxd6 Rd2 37. Qd8+ Qe8 38. Qxe8+ Rxe8
39. Rxd2 Rd8 40. d6 b4 41. Bd1 c3 42. Rd4 {Black forfeits on time} 1-0

[Event "ICC Open 2015"]
[Site "Internet Chess Club"]
[Date "2015.05.29"]
[Round "5"]
[White "CavacoSilva1939"]
[Black "Kempka"]
[Result "1-0"]
[ICCResult "Black resigns"]
[WhiteElo "2358"]
[BlackElo "2753"]
[Opening "Pirc: classical (two knights) system"]
[ECO "B08"]
[NIC "PU.10"]
[Time "14:48:10"]
[TimeControl "180+0"]

1. d4 Nf6 2. Nc3 g6 3. e4 d6 4. Nf3 Bg7 5. Bd3 O-O 6. O-O Nc6 7. d5 Nb4 8.
Be2 a5 9. Be3 c6 10. a3 Na6 11. dxc6 bxc6 12. h3 Qc7 13. Bc4 Nc5 14. Bxc5
dxc5 15. Qe2 Rb8 16. Rab1 Nh5 17. Rfd1 Nf4 18. Qe3 Be6 19. Qxc5 Rfd8 20.
Rxd8+ Rxd8 21. Bxe6 Nxe6 22. Qc4 Nf4 23. Re1 Qb6 24. e5 Nd5 25. Rd1 e6 26.
Na4 Qc7 27. Qd3 Rd7 28. Nc5 Rd8 29. c4 Bxe5 30. Na6 Qd6 31. cxd5 cxd5 32.
Nc5 Rb8 33. Nxe5 {Black resigns} 1-0